AoeStats
← NDF

Arabia

509493866Analyzed
2v2 RM · 4d ago on Sep 27, 2026· 70m 11s· 4 players
Game mode
Random Map
Map size
Medium (4 player)
Population
200
Speed
Normal
Resources
Standard
Victory
Conquest
Starting age
Dark Age
Ending age
Imperial Age
RankedLock teamsTeams togetherTeam positionsShared explorationLock speedFull tech treeHidden civsTurbo modeCheats
Victory
Defeat
🇮🇹 Khmer · Italy
661
+18
🇮🇹 Romans · Italy
656
+18
🇦🇷 Teutons · Argentina
714
-18
🇦🇷 Spanish · Argentina
700
-18
Bufalo
6:24 Loom
10:42 Feudal Age
11:05 Horse Collar
11:57 Double-Bit Axe
20:35 Castle Age
19:49 Forging
19:03 Man-at-Arms
20:09 Gold Mining
20:36 Fletching
21:29 Heavy Plow
21:41 Bow Saw
21:35 Pikeman
22:37 Stone Mining
24:52 Wheelbarrow
24:06 Town Watch
25:17 Squires
28:03 Hand Cart
31:29 Iron Casting
33:14 Caravan
33:33 Elite Skirmisher
39:09 Imperial Age
36:44 Scale Mail Armor
36:44 Padded Archer Armor
37:55 Gold Shaft Mining
37:20 Murder Holes
37:17 Long Swordsman
41:14 Chemistry
39:38 Halberdier
42:18 Crop Rotation
42:09 Legionary
45:00 Conscription
44:08 Capped Ram
46:17 Blast Furnace
45:13 Bodkin Arrow
46:57 Masonry
53:01 Elite Centurion
55:00 Ballistics
55:13 Architecture
55:24 Siege Ram
56:54 Chain Mail Armor
56:54 Leather Archer Armor
65:03 Ring Archer Armor
65:00 Comitatenses
64:51 Ballistas
Kenpachi
0:27 Loom
10:56 Feudal Age
11:25 Double-Bit Axe
11:26 Horse Collar
21:12 Castle Age
19:32 Gold Mining
19:41 Stone Mining
20:49 Forging
20:33 Fletching
22:03 Heavy Plow
22:16 Bow Saw
22:30 Pikeman
23:16 Crossbowman
25:21 Caravan
25:46 Bodkin Arrow
25:58 Town Watch
27:14 Gold Shaft Mining
28:15 Wheelbarrow
29:49 Padded Archer Armor
33:17 Imperial Age
31:03 Hand Cart
32:36 Murder Holes
35:09 Conscription
35:04 Scale Barding Armor
35:03 Husbandry
34:29 Light Cavalry
36:02 Crop Rotation
36:10 Stone Shaft Mining
37:24 Chain Barding Armor
38:20 Scale Mail Armor
39:15 Tusk Swords
39:34 Town Patrol
39:58 Ballistics
39:11 Arbalester
40:24 Elite Skirmisher
41:17 Elite Battle Elephant
43:21 Bracer
43:59 Plate Barding Armor
43:41 Leather Archer Armor
43:42 Masonry
44:42 Hussar
46:01 Iron Casting
46:36 Architecture
47:58 Onager
49:40 Ring Archer Armor
49:26 Chain Mail Armor
54:03 Double Crossbow
53:49 Heavy Scorpion
61:47 Blast Furnace
60:19 Halberdier
65:32 Arson
NDF
3:18 Loom
14:42 Feudal Age
15:49 Man-at-Arms
21:22 Castle Age
19:26 Horse Collar
21:47 Bloodlines
21:45 Double-Bit Axe
24:55 Gold Mining
26:59 Stone Mining
31:09 Wheelbarrow
30:20 Town Watch
31:21 Stone Shaft Mining
30:14 Elite Skirmisher
30:16 Crossbowman
31:14 Forging
31:05 Scale Mail Armor
35:18 Imperial Age
34:22 Heavy Plow
34:33 Padded Archer Armor
35:38 Fletching
36:04 Leather Archer Armor
38:17 Elite Teutonic Knight
42:28 Ironclad
42:57 Masonry
43:56 Iron Casting
44:33 Bow Saw
44:58 Crop Rotation
46:11 Hoardings
48:47 Sappers
55:30 Capped Ram
58:36 Fortified Wall
63:32 Blast Furnace
62:41 Scale Barding Armor
estebanpa
5:10 Loom
9:46 Feudal Age
19:44 Castle Age
18:04 Scale Mail Armor
18:13 Scale Barding Armor
19:54 Horse Collar
20:42 Bloodlines
20:30 Double-Bit Axe
21:21 Chain Barding Armor
21:23 Heavy Plow
22:45 Gold Mining
23:18 Bow Saw
23:57 Stone Mining
30:07 Scale Mail Armor
30:18 Forging
29:58 Gambesons
29:33 Man-at-Arms
31:00 Stone Shaft Mining
34:52 Imperial Age
37:10 Two-Man Saw
40:21 Plate Barding Armor
40:59 Caravan
41:46 Supremacy
41:29 Inquisition
42:26 Block Printing
42:40 Illumination
42:26 Redemption
42:30 Fervor
43:07 Theocracy
42:05 Elite Conquistador
44:06 Squires
43:27 Pikeman
45:15 Halberdier
49:56 Chain Mail Armor
50:16 Iron Casting
50:16 Cavalier
53:52 Hoardings
53:03 Paladin
Connection lost

Rejoining the realm…

Still unreachable

The connection could not be restored.

Session expired

The server has moved on; the page needs a fresh start.